 Dungeon Crawl Stone Soup version 0.24.0-125-gc4c63601f3 (webtiles) character file.

Game seed: 17629649562045490392, levelgen mode: deterministic

129 Descartes the Magician (level 4, -18/24 HPs)
             Began as a Deep Elf Air Elementalist on Mar 13, 2020.
             Demolished by Ijyb
             ... wielding a +4 dagger of electrocution
              (20 damage)
             ... on level 3 of the Dungeon.
             The game lasted 00:06:37 (2859 turns).

Descartes the Magician (Deep Elf Air Elementalist)  Turns: 2859, Time: 00:06:37

Health: -18/24     AC:  3    Str:  5    XL:     4   Next: 88%
Magic:  11/11      EV: 13    Int: 21    God:
Gold:   115        SH:  0    Dex: 15    Spells: 7/10 levels left

rFire    . . .     SeeInvis .   v - +2 quarterstaff (chaos)
rCold    . . .     Gourm    .   (shield currently unavailable)
rNeg     . . .     Faith    .   a - +0 robe
rPois    .         Spirit   .   (no helmet)
rElec    .         Reflect  .   w - +0 cloak
rCorr    .         Harm     .   (no gloves)
MR       .....                  (no boots)
Stlth    ++........             (no amulet)
HPRegen  0.08/turn              (no ring)
MPRegen  0.12/turn              (no ring)

@: no status effects
A: no striking features
a: no special abilities


You were on level 3 of the Dungeon.
You were not hungry.

You visited 1 branch of the dungeon, and saw 3 of its levels.

You collected 115 gold pieces.

Inventory:

Hand Weapons
 i - a +0 short sword
 v - a +2 quarterstaff of chaos (weapon)
 y - a +0 hunting sling
Missiles
 e - 34 arrows
 g - 32 poisoned darts (quivered)
 s - 17 stones
 t - 4 large rocks
Armour
 a - a +0 robe (worn)
 b - a +0 shield
 w - a +0 cloak (worn)
Jewellery
 f - an uncursed ring of ice
 x - an uncursed ring of protection from cold {unknown}
Scrolls
 d - 2 scrolls of remove curse {unknown}
 h - 2 scrolls of blinking {unknown}
 k - a scroll of random uselessness {unknown}
 m - a scroll of magic mapping {unknown}
 o - 2 scrolls of identify {unknown}
 r - a scroll of fog {unknown}
Potions
 j - a potion of agility {unknown}
 l - a potion of curing {unknown}
 n - a potion of ambrosia {unknown}
 p - a potion of might {unknown}
 q - a potion of heal wounds {unknown}
 u - a potion of cancellation {unknown}
 z - a potion of lignification {unknown}
Comestibles
 c - 2 rations


   Skills:
 + Level 3.3 Dodging
 - Level 2.4 Stealth
 * Level 1.8 Shields
 + Level 3.9 Spellcasting
 + Level 2.3 Conjurations
 + Level 3.5 Air Magic


You had 7 spell levels left.
You knew the following spells:

 Your Spells              Type           Power        Failure   Level  Hunger
a - Shock                 Conj/Air       ###.         3%          1    None
b - Swiftness             Chrm/Air       ##......     9%          2    #......

Your spell library contained the following spells:

 Spells                   Type           Power        Failure   Level  Hunger
 Static Discharge         Conj/Air       ###.....     11%         3    ###....
 Airstrike                Air            ###.......   28%         4    ####...
 Lightning Bolt           Conj/Air       ###.......   69%         5    ######.


Dungeon Overview and Level Annotations

Branches:
Dungeon (3/15)

Altars:
Ru

Annotations:
D:2 Sigmund
D:3 Ijyb


Message History

There is a stone staircase leading up here.
Found a scroll labeled IDWUN HOONWIE.
An orc comes into view. It is wielding a +0 hand axe.
The orc moves out of view.
Ijyb shouts!
Ijyb hits you with a +4 dagger of electrocution.
You are electrocuted!
Ouch! That really hurt!
You are too injured to fight recklessly!
You barely miss Ijyb. You closely miss Ijyb.
Ijyb hits you with a +4 dagger of electrocution.
* * * LOW HITPOINT WARNING * * *
Ijyb misses you.
You barely miss Ijyb.
Ijyb hits you with a +4 dagger of electrocution.
* * * LOW HITPOINT WARNING * * *
You are electrocuted!!
Ouch! That really hurt!
You die...

#####......# # .
#......# #...[..#
#......# #.)....# .
######......# .g
#.<.......#.# .g.
###########.#####.
Z..g
......g@.....?.......
#########o#####......
#.#<....#
........#.#.#
.....$..#.# #
..........#
.......#### .......#
.......


You could see Ijyb and an orc.

Vanquished Creatures
  Crazy Yiuf (D:2)
  An orc wizard (D:3)
  Jessica (D:3)
  An adder (D:3)
  An ooze (D:3)
  A leopard gecko (D:2)
  A ball python (D:3)
  3 bats
  3 giant cockroaches
  4 goblins
  4 hobgoblins
  2 frilled lizards (D:2)
  A jackal skeleton (D:3)
  7 kobolds
  2 rats (D:3)
33 creatures vanquished.

Notes
Turn   | Place    | Note
-------+----------+-------------------------------------------
     0 | D:1      | Descartes the Deep Elf Air Elementalist began the quest for
                  | the Orb.
     0 | D:1      | Reached XP level 1. HP: 10/10 MP: 6/6
   606 | D:1      | Reached XP level 2. HP: 15/15 MP: 2/8
   822 | D:2      | Noticed Sigmund
   988 | D:2      | Found a runed translucent door.
   989 | D:2      | Noticed Crazy Yiuf
  1177 | D:2      | Learned a level 2 spell: Swiftness
  1878 | D:2      | Killed Crazy Yiuf
  1878 | D:2      | Reached skill level 1 in Shields
  1878 | D:2      | Reached XP level 3. HP: 17/19 MP: 3/10
  2108 | D:3      | Noticed Ijyb
  2380 | D:3      | Noticed Jessica
  2383 | D:3      | Killed Jessica
  2383 | D:3      | Reached XP level 4. HP: 24/24 MP: 7/11
  2429 | D:3      | Found a sacrificial altar of Ru.
  2563 | D:3      | HP: 1/24 [hobgoblin/+0 club (5)]
  2859 | D:3      | Demolished by Ijyb

Levels and vault maps discovered:
D:1:      minmay_arrival_nine_rooms, layout_rooms, minmay_misc_feat_roman
D:2:      layout_loops_ring, uniq_sigmund, uniq_crazy_yiuf_cottage
D:3:      layout_basic, grunt_temple_overflow_open,
          nicolae_ru_great_annihilating_truth, hex_medium, uniq_ijyb,
          uniq_jessica

Skill      XL: |  1  2  3 |
---------------+----------+-----
Dodging        | 3 |  3.3
Shields        | 1 |  1.8
Conjurations   | 2 |  2.3
Stealth        | |  2.4
Spellcasting   | |  3.9
Air Magic      | |  3.5

Action                   |  1- 3 |  4- 6 || total
-------------------------+-------+-------++-------
Melee: Quarterstaff      |     1 |    10 ||    11
 Cast: Shock             |    53 |    16 ||    69
 Stab: Sleeping          |     1 |       ||     1
  Eat: Ration            |     1 |       ||     1
       Chunk             |       |     2 ||     2
Armor: Robe              |     1 |     2 ||     3
Dodge: Dodged            |     6 |     6 ||    12
